 Dungeon Sprint DCSS version 0.26-a0-682-g294304f6e8 (webtiles) character file.

Game seed: 8485832403636293333

219950 mhtbhm the Minotaur Barricade (level 17, -5/191 HPs)
             Began as a Minotaur Fighter on Oct 22, 2020.
             Was the Champion of Trog.
             Killed from afar by a shadow dragon (10 damage)
             ... with a bolt of negative energy
             ... in the Dungeon (Sprint IX: "|||||||||||||||||||||||||||||").
             The game lasted 00:15:59 (6599 turns).

mhtbhm the Minotaur Barricade (Minotaur Fighter)    Turns: 6599, Time: 00:15:59

Health: -5/191     AC: 42    Str: 32    XL:     17   Next: 9%
Magic:  16/16      EV: 11    Int:  5    God:    Trog [******]
Gold:   651        SH: 27    Dex: 12    Spells: 16/16 levels left

rFire    + . .     SeeInvis .   a - +4 demon blade (flame)
rCold    + . .     Faith    .   c - +1 tower shield
rNeg     . . .     Spirit   .   b - +9 scales of the Dragon King {rPois rF+ rC+ MR+}
rPois    +         Reflect  .   (helmet restricted)
rElec    .         Harm     .   z - scarf {shadows}
rCorr    .         Rampage  .   p - +0 pair of gloves
MR       ++...     NoTele   +   w - +1 pair of boots
Stlth    ..........             (no amulet)
HPRegen  0.41/turn              G - +6 ring of strength
MPRegen  0.15/turn              H - +4 ring of protection

@: heavily drained
A: retaliatory headbutt, horns 2
}: 4/17 runes: decaying, serpentine, barnacled, gossamer
a: Berserk, Trog's Hand, Brothers in Arms, Renounce Religion


You were in the Dungeon.
You worshipped Trog.
Trog was exalted by your worship.
You visited 1 branch You collected 1970 gold pieces.
You spent 1319 gold pieces at shops.

Inventory:

Hand Weapons
 a - a +4 demon blade of flaming (weapon)
 d - a +7 antimagic double sword
 u - a +2 scimitar of holy wrath
 v - the +8 quarterstaff of Godeol {flame, +Inv rF+ Dex+3, unknown}
   (Trog gifted it to you in the Dungeon)

   It has been specially enchanted to burn those struck by it, causing extra
   injury to most foes and up to half again as much damage against particularly
   susceptible opponents.
   It affects your dexterity (+3).
   It protects you from fire.
   It lets you turn invisible.
Missiles
 k - 39 javelins
 o - 34 silver javelins (quivered)
 y - 5 curare-tipped darts
Armour
 b - the +9 scales of the Dragon King (worn) {rPois rF+ rC+ MR+}
   (You found it in the Dungeon)

   It protects you from fire.
   It protects you from cold.
   It protects you from poison.
   It affects your resistance to hostile enchantments.
 c - a +1 tower shield (worn)
 p - a +0 pair of gloves (worn)
 w - a +1 pair of boots (worn)
 z - a scarf of shadows (worn)
Jewellery
 G - a +6 ring of strength (left hand)
 H - a +4 ring of protection (right hand)
Wands
 m - a wand of iceblast (11)
Scrolls
 j - 4 scrolls of blinking
 l - 4 scrolls of remove curse
 n - 3 scrolls of fog
 r - 11 scrolls of enchant armour
 s - 6 scrolls of enchant weapon
 t - 2 scrolls of fear
 x - a scroll of brand weapon
 A - 8 scrolls of identify
Potions
 e - 9 potions of curing
 f - 8 potions of heal wounds
 g - a potion of haste
 h - 4 potions of magic
 i - a potion of berserk rage
 q - 2 potions of stabbing


   Skills:
 O Level 27(22.7) Fighting
 O Level 27(22.7) Long Blades
 + Level 1.5(0.0) Staves
 * Level 8.6(5.8) Throwing
 O Level 27(22.7) Armour
 * Level 11.4(8.3) Dodging
 - Level 17.5(13.9) Stealth
 O Level 27(22.7) Shields
 + Level 0.7(0.0) Unarmed Combat
 + Level 4.3(1.8) Evocations


You had 16 spell levels left.
You didn't know any spells.
Your spell library was empty.

Dungeon Overview and Level Annotations

Branches:
Dungeon (1/1)

Altars:
Cheibriados
Dithmenos
Elyvilon
Fedhas
Gozag
Hepliaklqana
Kikubaaqudgha
Makhleb
Nemelex Xobeh
Okawaru
Qazlal
Ru
Sif Muna
Trog
Uskayaw
Vehumet
Wu Jian
Xom
Yredelemnul
Zin
The Shining One
Beogh
Jiyva
Lugonu

Shops:
D [*(?


Innate Abilities, Weirdness & Mutations

You reflexively headbutt those who attack you in melee.
You have a pair of horns on your head.


Message History

The ancient lich casts a spell.
The ancient lich flickers and vanishes!
Deactivating autopickup; reactivate with Ctrl-A.
You hit something but do no damage.
The green death hits you but does no damage.
You hit something but do no damage.
You hear some strange, mumbled words.
A lance of force appears from out of thin air!
The lance of force hits you but does no damage.
You miss something.
The shadow dragon breathes negative energy at you.
The bolt of negative energy hits something.
The bolt of negative energy hits you.
You feel drained.
* * * LOW HITPOINT WARNING * * *
The bolt of negative energy hits the green death.
The green death completely resists.
You block the green death's attack.
The shadow dragon breathes negative energy at you.
The bolt of negative energy misses the shadow dragon.
The bolt of negative energy hits you!
You feel drained.
You die...

,*,*,*,*,*,*,*,▓.▓.▓)▓.▓.▓.▓.▓.▓)
,*,*,*,*,*,*,*,▓.▓.♣†♣.▓.▓.▓.▓.▓)
,*,*+*,*,*,*,*,▓.▓.♣)♣.▓.▓.▓.▓.▓.
,*,*,*,*,*,*,*,▓[▓.♣.♣.▓.▓.▓.▓.▓)
,*,*,*,*,*,*,*,▓(▓.♣.♣.▓.▓.▓.▓.▓.
,*,*,*,*+*,*,*,▓(▓.♣.♣.▓.▓.▓.▓.▓.
,*,*,*,*,*,*,*,▓'▓.♣†♣.▓.▓.▓.▓.▓.
,*,*,*,*,*,*,*,▓2▓.♣.♣.▓.▓.▓.▓.▓'
,*,*,*,*,*,*,*,▓@▓.♣.♣.▓.▓.▓.▓.▓.
,*,*,*,*,*,*,*,▓{▓.♣.♣.▓'▓.▓.▓.▓.
,*,*,*,*,*,*,*,▓D▓.♣.♣.▓.▓.▓'▓.▓.
,*,*,*,*,*,*,*,▓D▓.♣.♣.▓.▓.▓.▓.▓.
,*,*,*,*,*,*,*,▓φ▓.♣.♣.▓.▓)▓.▓.▓.
,*,*,*,*,*,*+*,▓|▓.♣.♣.▓.▓)▓.▓.▓.
+*,*,*,*,*,*,*,▓.▓.♣.♣.▓.▓)▓.▓.▓.
,*,*,*,*+*,*,*,*,▓.▓'▓.▓.▓.▓.▓.▓.
,*,*,*,*,*,*,*,*+▓.▓[▓.▓.▓.▓.▓.▓.


You could see 2 shadow dragons and a green death (summoned).

Vanquished Creatures
  Boris (D)
  Sojobo (D)
  Frederick (D)
  A quicksilver dragon (D)
  Gastronok (D)
  4 sphinxes (D)
  2 tengu reavers (D)
  Ilsuiw (D)
  4 shadow dragons (D)
  4 nagarajas (D)
  3 frost giants (D)
  6 emperor scorpions (D)
  4 ghost moths (D)
  2 vault wardens (D)
  An ironheart preserver (D)
  3 very ugly things (D)
  9 stone giants (D)
  A vampire knight (D)
  Nessos (D)
  A spark wasp (D)
  An ettin (D)
  5 merfolk javelineers (D)
  Snorg (D)
  4 merfolk impalers (D)
  2 fire dragons (D)
  2 great orbs of eyes (D)
  25 vault guards (D)
  2 ice dragons (D)
  4 naga warriors (D)
  Erolcha (D)
  14 hydras (D)
  2 boulder beetles (D)
  A centaur warrior (D)
  3 death knights (D)
  2 merfolk aquamancers (D)
  A merfolk avatar (D)
  4 ogre magi (D)
  A naga sharpshooter (D)
  An alligator (D)
  A spriggan berserker (D)
  Sonja (D)
  2 deep elf knights (D)
  A shock serpent (D)
  An unseen horror (D)
  A sea snake (D)
  3 deep trolls (D)
  A wizard (D)
  A glowing orange brain (D)
  4 ironbrand convokers (D)
  2 swamp dragons (D)
  2 naga ritualists (D)
  4 orc knights (D)
  2 lindwurms (D)
  2 harpies (D)
  2 wolf spiders (D)
  4 ugly things (D)
  A manticore (D)
  A moth of wrath (D)
  2 black mambas (D)
  2 merfolk sirens (D)
  6 vault sentinels (D)
  5 naga magi (D)
  2 guardian serpents (D)
  A torpor snail (D)
  A black mamba (shapeshifter) (D)
  5 cane toads (D)
  A gargoyle (D)
  2 freezing wraiths (D)
  2 yaktaurs (D)
  A rime drake (D)
  2 demonic crawlers (D)
  2 komodo dragons (D)
  A tengu conjurer (D)
  A troll (shapeshifter) (D)
  2 merfolk (D)
  3 jumping spiders (D)
  7 trolls (D)
  2 tyrant leeches (D)
  2 hornets (D)
  A slime creature (D)
  2 snapping turtles (D)
  A bog body (D)
  2 redbacks (D)
  A shadow (D)
  A spriggan (D)
  A tarantella (D)
  A water elemental (D)
  2 yaks (D)
  A basilisk (D)
  A vampire mosquito (D)
  A naga (D)
  5 water moccasins (D)
  A swamp drake (D)
  5 orc warriors (D)
  A boggart (D)
  4 bullfrogs (D)
  A scorpion (D)
  A killer bee (D)
  A wight (D)
  A quasit (D)
  3 orc priests (D)
  2 hounds (D)
  An orc wizard (D)
  2 worker ants (D)
  2 adder skeletons (D)
  5 worms (D)
  9 orcs (D)
  A bat zombie (D)
  A hobgoblin (D)
  3 kobolds (D)
  A leopard gecko zombie (D)
  A rat (D)
281 creatures vanquished.

Vanquished Creatures (collateral kills)
  An ice dragon (D)
  A deep troll (D)
  5 orc warriors (D)
  An orc priest (D)
  An orc (D)
9 creatures vanquished.

Vanquished Creatures (others)
  A boggart (D)
1 creature vanquished.

Grand Total: 291 creatures vanquished

Notes
Turn   | Place    | Note
-------+----------+-------------------------------------------
     0 | D        | mhtbhm the Minotaur Fighter began the quest for the Orb.
     0 | D        | Reached XP level 1. HP: 19/19 MP: 0/0
    16 | D        | Noticed a worker ant
    22 | D        | Killed a worker ant
    22 | D        | Reached skill level 5 in Fighting
    22 | D        | Reached skill level 5 in Armour
    22 | D        | Reached skill level 5 in Shields
    22 | D        | Reached XP level 2. HP: 26/29 MP: 1/1
    22 | D        | Reached XP level 3. HP: 33/36 MP: 2/2
    50 | D        | Found a roughly hewn altar of Beogh.
    50 | D        | Found a snail-covered altar of Cheibriados.
    50 | D        | Found a shadowy altar of Dithmenos.
    50 | D        | Found a white marble altar of Elyvilon.
    50 | D        | Found a blossoming altar of Fedhas.
    50 | D        | Found an opulent altar of Gozag.
    51 | D        | Found a hazy altar of Hepliaklqana.
    52 | D        | Found a viscous altar of Jiyva.
    53 | D        | Found an ancient bone altar of Kikubaaqudgha.
    54 | D        | Found a corrupted altar of Lugonu.
    55 | D        | Found a burning altar of Makhleb.
    56 | D        | Found a sparkling altar of Nemelex Xobeh.
    57 | D        | Found an iron altar of Okawaru.
    58 | D        | Found a stormy altar of Qazlal.
    59 | D        | Found a sacrificial altar of Ru.
    60 | D        | Found a shimmering blue altar of Sif Muna.
    61 | D        | Found a bloodstained altar of Trog.
    62 | D        | Found a hide-covered altar of Uskayaw.
    63 | D        | Found a radiant altar of Vehumet.
    64 | D        | Found an ornate altar of the Wu Jian Council.
    65 | D        | Found a shimmering altar of Xom.
    66 | D        | Found a basalt altar of Yredelemnul.
    67 | D        | Found a glowing silver altar of Zin.
    68 | D        | Found a glowing golden altar of the Shining One.
    69 | D        | Became a worshipper of Trog the Wrathful
   128 | D        | Noticed a killer bee
   128 | D        | Noticed a troll
   130 | D        | Killed a killer bee
   130 | D        | Reached XP level 4. HP: 44/44 MP: 3/3
   133 | D        | Reached skill level 5 in Long Blades
   136 | D        | Reached * piety under Trog
   144 | D        | Killed a troll
   144 | D        | Reached skill level 1 in Dodging
   144 | D        | Reached XP level 5. HP: 36/56 MP: 4/4
   144 | D        | Reached XP level 6. HP: 40/62 MP: 5/5
   147 | D        | Reached ** piety under Trog
   316 | D        | Noticed a basilisk
   316 | D        | Noticed a troll
   316 | D        | Noticed a slime creature
   335 | D        | Killed a basilisk
   336 | D        | Reached XP level 7. HP: 48/70 MP: 6/6
   340 | D        | Reached skill level 10 in Long Blades
   343 | D        | Killed a troll
   343 | D        | Reached *** piety under Trog
   343 | D        | Reached skill level 10 in Fighting
   343 | D        | Reached skill level 10 in Shields
   351 | D        | Killed a slime creature
   351 | D        | Reached skill level 10 in Armour
   353 | D        | Reached XP level 8. HP: 39/79 MP: 7/7
   633 | D        | Noticed a komodo dragon
   633 | D        | Noticed a komodo dragon
   637 | D        | Noticed a five-headed hydra
   643 | D        | Killed a komodo dragon
   643 | D        | Reached **** piety under Trog
   657 | D        | Killed a komodo dragon
   663 | D        | Killed a nine-headed hydra
   663 | D        | Reached XP level 9. HP: 80/89 MP: 8/8
   670 | D        | Reached ***** piety under Trog
   852 | D        | Noticed a cane toad
   852 | D        | Noticed a rime drake
   852 | D        | Noticed a four-headed hydra
   857 | D        | Killed a cane toad
   857 | D        | Reached skill level 15 in Long Blades
   861 | D        | Received a gift from Trog
   862 | D        | Noticed a torpor snail
   871 | D        | Killed an 11-headed hydra
   871 | D        | Reached XP level 10. HP: 100/100 MP: 9/9
   883 | D        | Killed a torpor snail
   883 | D        | Reached skill level 5 in Dodging
   999 | D        | Noticed a lindwurm
   999 | D        | Noticed a lindwurm
  1005 | D        | Killed a lindwurm
  1014 | D        | Reached ****** piety under Trog
  1019 | D        | Received a gift from Trog
  1028 | D        | Killed a lindwurm
  1032 | D        | Reached skill level 1 in Stealth
  1293 | D        | Noticed Gastronok
  1311 | D        | Killed Gastronok
  1311 | D        | Received a gift from Trog
  1311 | D        | Reached skill level 15 in Shields
  1311 | D        | Reached XP level 11. HP: 111/111 MP: 10/10
  1509 | D        | Noticed an orc knight
  1514 | D        | Received a gift from Trog
  1527 | D        | Killed an orc knight
  1544 | D        | Received a gift from Trog
  1818 | D        | Found Qoips's Antique Armour Emporium.
  1818 | D        | Noticed an ogre mage
  1818 | D        | Noticed a deep troll
  1818 | D        | Noticed an ettin
  1818 | D        | Noticed a deep troll
  1827 | D        | Killed an ogre mage
  1827 | D        | Reached skill level 15 in Fighting
  1828 | D        | Found Kuuff's General Store.
  1831 | D        | Killed a deep troll
  1831 | D        | Reached skill level 15 in Armour
  1832 | D        | Noticed an ogre mage
  1835 | D        | Received a gift from Trog
  1836 | D        | Found Tumor's Weapon Emporium.
  1838 | D        | Killed an ettin
  1842 | D        | Killed a deep troll
  1843 | D        | Noticed a deep troll
  1846 | D        | Noticed a deep troll
  1853 | D        | Found Hifamm's Magic Scroll Shoppe.
  1856 | D        | Killed an ogre mage
  1862 | D        | Killed a deep troll
  1868 | D        | Killed a deep troll
  1893 | D        | Noticed an ogre mage
  1899 | D        | Killed an ogre mage
  1899 | D        | Received a gift from Trog
  2178 | D        | Bought a scroll of brand weapon for 280 gold pieces
  2178 | D        | Bought a scroll of enchant weapon for 105 gold pieces
  2178 | D        | Bought a scroll of enchant weapon for 105 gold pieces
  2178 | D        | Bought a scroll of magic mapping for 49 gold pieces
  2178 | D        | Bought a scroll of blinking for 105 gold pieces
  2182 | D        | Bought a potion of haste for 120 gold pieces
  2182 | D        | Bought a scroll of enchant armour for 90 gold pieces
  2190 | D        | Bought a topaz-encrusted scale mail for 189 gold pieces
  2195 | D        | Identified the +4 scale mail of Agreosor {Str+4 Int+3
                  | Dex+2} (You bought it in a shop in the Dungeon)
  2196 | D        | Bought a glowing scarf for 168 gold pieces
  2208 | D        | Bought a scroll of identify for 24 gold pieces
  2212 | D        | Bought a scroll of identify for 28 gold pieces
  2212 | D        | Bought a scroll of identify for 28 gold pieces
  2212 | D        | Bought a scroll of identify for 28 gold pieces
  2280 | D        | Noticed Sonja
  2287 | D        | Killed Sonja
  2287 | D        | Reached skill level 1 in Evocations
  2337 | D        | Found the +9 scales of the Dragon King {rPois rF+ rC+ MR+}
  2405 | D        | Noticed a boulder beetle
  2405 | D        | Noticed a boulder beetle
  2405 | D        | Noticed a green ugly thing
  2411 | D        | Killed a boulder beetle
  2411 | D        | Reached XP level 12. HP: 124/124 MP: 11/11
  2414 | D        | Noticed a four-headed hydra
  2419 | D        | Killed a boulder beetle
  2427 | D        | Received a gift from Trog
  2438 | D        | Killed a one-headed hydra
  2438 | D        | Noticed a frost giant
  2452 | D        | Received a gift from Trog
  2463 | D        | Killed a frost giant
  2523 | D        | Received a gift from Trog
  2656 | D        | Noticed a spark wasp
  2673 | D        | Received a gift from Trog
  2681 | D        | Killed a spark wasp
  2689 | D        | Killed a ghost moth
  2802 | D        | Received a gift from Trog
  2802 | D        | Reached XP level 13. HP: 77/135 MP: 12/12
  2820 | D        | Received a gift from Trog
  3027 | D        | Received a gift from Trog
  3111 | D        | Received a gift from Trog
  3284 | D        | Noticed Erolcha
  3291 | D        | Killed Erolcha
  3291 | D        | Received a gift from Trog
  3294 | D        | Got a bloodstained long sword {god gift}
  3295 | D        | Identified the +6 long sword of Udghor {flame, rElec} (Trog
                  | gifted it to you in the Dungeon)
  3329 | D        | Noticed a fire dragon
  3329 | D        | Noticed a stone giant
  3329 | D        | Noticed a stone giant
  3341 | D        | Noticed a stone giant
  3342 | D        | Killed a fire dragon
  3349 | D        | Killed a stone giant
  3350 | D        | Noticed a red very ugly thing
  3353 | D        | Killed a stone giant
  3356 | D        | Noticed a frost giant
  3357 | D        | Received a gift from Trog
  3359 | D        | Noticed a frost giant
  3363 | D        | Killed a stone giant
  3373 | D        | Killed a red very ugly thing
  3379 | D        | Killed a frost giant
  3387 | D        | Noticed a stone giant
  3389 | D        | Killed a frost giant
  3389 | D        | Received a gift from Trog
  3392 | D        | Noticed a vampire knight
  3394 | D        | Reached XP level 14. HP: 100/149 MP: 13/13
  3407 | D        | Killed a stone giant
  3410 | D        | Noticed a purple very ugly thing
  3412 | D        | Paralysed by something for 2 turns
  3415 | D        | Noticed a sphinx
  3423 | D        | Killed a vampire knight
  3430 | D        | Killed a purple very ugly thing
  3457 | D        | Killed a sphinx
  3457 | D        | Received a gift from Trog
  3869 | D        | Received a gift from Trog
  3892 | D        | Noticed an ironheart preserver
  3922 | D        | Received a gift from Trog
  3929 | D        | Killed an ironheart preserver
  3934 | D        | Noticed a vault warden
  3938 | D        | Noticed a vault warden
  3960 | D        | Killed a vault warden
  3964 | D        | Killed a vault warden
  3964 | D        | Received a gift from Trog
  3965 | D        | Noticed a sphinx
  3965 | D        | Noticed a sphinx
  3971 | D        | Killed a sphinx
  3972 | D        | Noticed a sphinx
  4419 | D        | Killed a sphinx
  4458 | D        | Received a gift from Trog
  4490 | D        | Killed a sphinx
  4595 | D        | Noticed a tengu reaver
  4596 | D        | Noticed Sojobo
  4598 | D        | Noticed a tengu reaver
  4604 | D        | Killed a tengu reaver
  4604 | D        | Received a gift from Trog
  4615 | D        | Killed Sojobo
  4615 | D        | Reached skill level 1 in Throwing
  4615 | D        | Reached XP level 15. HP: 166/166 MP: 14/14
  4635 | D        | Killed a tengu reaver
  4635 | D        | Received a gift from Trog
  4850 | D        | Noticed Nessos
  4856 | D        | Killed Nessos
  4859 | D        | Noticed Frederick
  4870 | D        | Killed Frederick
  4906 | D        | Received a gift from Trog
  4907 | D        | Noticed Ilsuiw
  4918 | D        | Reached skill level 27 in Shields
  4951 | D        | Killed Ilsuiw
  4955 | D        | Received a gift from Trog
  4983 | D        | Received a gift from Trog
  4993 | D        | Got a barnacled rune of Zot
  5405 | D        | Killed a ghost moth
  5421 | D        | Reached skill level 5 in Stealth
  5422 | D        | Killed a ghost moth
  5432 | D        | Killed a ghost moth
  5433 | D        | Received a gift from Trog
  5479 | D        | Noticed a nagaraja
  5480 | D        | Noticed a nagaraja
  5484 | D        | Killed a nagaraja
  5484 | D        | Received a gift from Trog
  5485 | D        | Noticed a nagaraja
  5489 | D        | Noticed a nagaraja
  5497 | D        | Killed a nagaraja
  5497 | D        | Received a gift from Trog
  5505 | D        | Killed a nagaraja
  5513 | D        | Killed a nagaraja
  5523 | D        | Received a gift from Trog
  5523 | D        | Reached XP level 16. HP: 133/182 MP: 9/15
  5546 | D        | Got a serpentine rune of Zot
  5567 | D        | Got a gossamer rune of Zot
  5675 | D        | Got a polished long sword {god gift}
  5676 | D        | Identified the +1 long sword "Loikhidu" {flame, rPois}
                  | (Trog gifted it to you in the Dungeon)
  5776 | D        | Reached skill level 27 in Long Blades
  5784 | D        | Received a gift from Trog
  5788 | D        | Reached skill level 27 in Fighting
  5803 | D        | Received a gift from Trog
  5809 | D        | Reached skill level 10 in Stealth
  5817 | D        | Got a decaying rune of Zot
  5824 | D        | Noticed Boris
  5832 | D        | Killed Boris
  5915 | D        | Noticed Snorg
  5920 | D        | Killed Snorg
  5953 | D        | Received a gift from Trog
  5989 | D        | Received a gift from Trog
  6031 | D        | Received a gift from Trog
  6078 | D        | Received a gift from Trog
  6192 | D        | Got a masterwork quarterstaff {god gift}
  6217 | D        | Reached skill level 15 in Stealth
  6241 | D        | Noticed a shadow dragon
  6261 | D        | Noticed a shadow dragon
  6265 | D        | Killed a shadow dragon
  6265 | D        | Received a gift from Trog
  6265 | D        | Reached skill level 27 in Armour
  6290 | D        | Killed a shadow dragon
  6298 | D        | Received a gift from Trog
  6533 | D        | Noticed a shadow dragon
  6533 | D        | Noticed a quicksilver dragon
  6534 | D        | Noticed a shadow dragon
  6544 | D        | Killed a shadow dragon
  6544 | D        | Reached skill level 5 in Throwing
  6549 | D        | Noticed a shadow dragon
  6549 | D        | Noticed an ancient lich
  6554 | D        | Reached XP level 17. HP: 121/191 MP: 16/16
  6560 | D        | Killed a quicksilver dragon
  6560 | D        | Received a gift from Trog
  6560 | D        | Reached skill level 1 in Staves
  6560 | D        | Reached skill level 10 in Dodging
  6592 | D        | HP: 6/191 [shadow dragon/bolt of negative energy (39)]
  6599 | D        | HP: 5/191 [shadow dragon/bolt of negative energy (2)]
  6599 | D        | Killed from afar by a shadow dragon

Illustrated notes

Levels and vault maps discovered:
D:        linesprint [early_d, line_temple, items_1, d_10, items_2, lair_1,
          lair_end, items_3, orc_1, orc_end, items_4, d_15, swamp_1, shoals_1,
          snake_1, spider_1, d_20, vaults_1, items_5, swamp_end, shoals_end,
          snake_end, spider_end, vaults_end, d_27, items_6, zot_1, zot_end,
          crypt_end, forest_end, elf_end, slime_end, tomb_end, abyss_end,
          pan_hell_end]

Skill      XL: |  1  2  3  4  5  6  7  8  9 10 11 12 13 14 15 16 17 |
---------------+----------------------------------------------------+-----
Fighting       | 5 6 8 9 10 11 12 14 16 18 20 23 26 27 | 27.0
Armour         | 5 6 8 9 10 11 12 14 16 17 18 19 21 27 | 27.0
Shields        | 5 6 9 10 12 13 15 17 20 23 26 27 | 27.0
Long Blades    | 3 4 8 9 11 14 15 17 19 20 22 23 26 27 | 27.0
Dodging        | 1 2 3 4 5 7 8 9 11 | 11.4
Stealth        | 1 2 7 17 | 17.5
Evocations     | 1 3 4 |  4.3
Throwing       | 1 3 6 8 |  8.6
Staves         | 1 |  1.5
Unarmed Combat | |  0.7

Action                   |  1- 3 |  4- 6 |  7- 9 | 10-12 | 13-15 | 16-18 || total
-------------------------+-------+-------+-------+-------+-------+-------++-------
Melee: Long sword        |    33 |       |       |       |       |       ||    33
       Headbutt          |     8 |     4 |    21 |    61 |   155 |   108 ||   357
       Scimitar          |     2 |    28 |    71 |   203 |       |       ||   304
       Demon blade       |       |       |       |    52 |   573 |   309 ||   934
Throw: Dart              |       |       |       |       |     3 |       ||     3
Invok: Berserk           |       |     1 |     2 |     5 |     5 |       ||    13
       Brothers in Arms  |       |       |       |     2 |     2 |       ||     4
Evoke: Wand              |       |       |       |     5 |     1 |       ||     6
  Use: Potion            |       |       |       |     2 |     8 |       ||    10
       Scroll            |       |       |       |     1 |     1 |       ||     2
 Stab: Invisible         |       |       |       |       |     6 |       ||     6
Armor: Scale mail        |     7 |       |       |       |       |       ||     7
       Chain mail        |     1 |     8 |    18 |    21 |       |       ||    48
       Gold dragon scale |       |       |       |    26 |   152 |    50 ||   228
Dodge: Dodged            |     6 |    13 |    28 |    39 |    84 |    20 ||   190
Block: Kite shield       |    13 |    14 |    43 |    69 |       |       ||   139
       Tower shield      |       |       |       |    79 |   424 |   171 ||   674
       Rpst.: Long sword |     1 |       |       |       |       |       ||     1
       Scimitar          |       |     2 |     4 |     7 |       |       ||    13
       Demon blade       |       |       |       |     1 |     5 |     3 ||     9

Table legend: (Time is in decaauts)
 A = Elapsed time spent in this place.
 B = Non-inter-level travel time spent in this place.
 C = Inter-level travel time spent in this place.
 D = Time resting spent in this place.
 E = Time spent auto-exploring this place.
 F = Levels seen in this place.
 G = Mean time per level.
                   A        B        C        D        E       F      G
               +--------+--------+--------+--------+--------+-----+--------+
         Total |   6229 |   6229 |      0 |   2935 |    879 |   1 | 6229.0 |
       Dungeon |   6229 |   6229 |      0 |   2935 |    879 |   1 | 6229.0 |
               +--------+--------+--------+--------+--------+-----+--------+

Top non-repeatable levels by time:
       D: 6229 daAuts
